 Dungeon Crawl Stone Soup version 0.21-a0-184-g9126a74 (webtiles) character file.

23921363 Torious the Annihilator (level 27, 174/182 HPs)
             Began as a Deep Elf Conjurer on Aug 8, 2017.
             Was an Elder of Sif Muna.
             Escaped with the Orb
             ... and 15 runes on Aug 11, 2017!
             The game lasted 13:21:36 (62994 turns).

Torious the Annihilator (Deep Elf Conjurer)        Turns: 62994, Time: 13:21:36

Health: 174/182    AC: 24    Str:  8      XL:     27
Magic:  58/65      EV: 34    Int: 39 (40) God:    Sif Muna [****..]
Gold:   6443       SH:  8    Dex: 29      Spells: 6/80 levels left

rFire    + + +     SeeInvis .   D - staff of energy {!a}
rCold    + + .     Gourm    .   P - +1 buckler {AC+3}
rNeg     + + +     Faith    .   b - +2 robe {rC+ rF+}
rPois    ∞         Spirit   .   T - +1 helmet of Gatetewk {Int+4 Dex+5}
rElec    +         Reflect  .   A - +2 cloak {MR+}
rCorr    .         Harm     .   X - +2 pair of gloves {Str+3}
MR       ++++.                  E - +2 pair of boots {Fly}
Stlth    +++.......             c - amulet of the Devil {rF+ Regen+}
HPRegen  0.80/turn              R - ring "Legum" {rF+ MP+9 Dex+5}
MPRegen  0.39/turn              W - ring of the Trout {Wiz +Inv Int+2 Dex+4}

@: lich-form, flying, deflect missiles
A: berserk 1, deterioration 1, poison resistance, electricity resistance
0: Orb of Zot
}: 15/15 runes: decaying, slimy, silver, golden, iron, obsidian, icy, bone,
abyssal, demonic, glowing, magical, fiery, dark, gossamer
a: End Transformation, Divine Energy, Channel Magic, Forget Spell, Renounce
Religion, Evoke Invisibility, Stop Flying


You escaped.
You worshipped Sif Muna.
Sif Muna was greatly pleased with you.
You were not hungry.
You were a lich.
You visited 18 branches of the dungeon, and saw 90 of its levels.
You visited Pandemonium 1 time, and saw 37 of its levels.
You visited the Abyss 1 time.
You also visited: Ice Cave and Wizlab.

You collected 9987 gold pieces.
You spent 3544 gold pieces at shops.

Inventory:

Hand Weapons
 L - the +9 mace of the Extremes {drain, +Blink Stlth+}
   (You found it on level 3 of the Elven Halls)

   A truly terrible weapon, it drains the life of those it strikes.
   It lets you blink.
   It makes you more stealthy.
Armour
 b - a +2 robe of resistance (worn)
 A - a +2 cloak of magic resistance (worn)
 B - a +2 robe of the Archmagi
 E - a +2 pair of boots of flying (worn)
 G - a +0 buckler of cold resistance
 P - a +1 buckler of protection (worn)
 T - the +1 helmet of Gatetewk (worn) {Int+4 Dex+5}
   (You found it on level 2 of the Swamp)

   It affects your intelligence (+4).
   It affects your dexterity (+5).
 X - a +2 pair of gloves of strength (worn)
 Y - the +0 Maxwell's etheric cage {RegenMP+ *Contam rElec MP+4}
   (You found it on level 4 of the Depths)

   It insulates you from electricity.
   It affects your magic capacity (+4).
   It causes magical contamination when unequipped.
Magical Staves
 h - an uncursed staff of air
 D - an uncursed staff of energy (weapon) {!a}
Jewellery
 c - the amulet of the Devil (around neck) {rF+ Regen+}
   (You took it off a balrug in Pandemonium)

   [amulet of regeneration]

   It protects you from fire.
   It increases your rate of regeneration.
 m - the ring of Ihuosaor {SInv Stlth+}
   (You found it in Pandemonium)

   [ring of see invisible]

   It lets you see invisible.
   It makes you more stealthy.
 o - the ring "Podan" {EV+2 Str+5}
   (You found it on level 7 of Cocytus)

   [ring of evasion]

   It affects your evasion (+2).
   It affects your strength (+5).
 s - the ring of Bucuqye {rElec rC+}
   (You found it on level 5 of the Pits of Slime)

   [ring of protection from cold]

   It protects you from cold.
   It insulates you from electricity.
 u - the ring "Duareob" {MP+9 Dex+3 Slay+3}
   (You bought it in a shop on level 1 of the Elven Halls)

   [ring of magical power]

   It affects your dexterity (+3).
   It affects your accuracy and damage with ranged weapons and melee attacks
   (+3).
   It affects your magic capacity (+9).
 R - the ring "Legum" (left hand) {rF+ MP+9 Dex+5}
   (You bought it in a shop on level 2 of the Orcish Mines)

   [ring of magical power]

   It affects your dexterity (+5).
   It protects you from fire.
   It affects your magic capacity (+9).
 W - the ring of the Trout (right hand) {Wiz +Inv Int+2 Dex+4}
   (You took it off a crimson imp in Pandemonium)

   [ring of wizardry]

   It improves your spell success rate.
   It affects your intelligence (+2).
   It affects your dexterity (+4).
   It lets you turn invisible.
Wands
 t - a wand of digging (15/24)
 I - a wand of digging (11/24)
Scrolls
 d - 8 scrolls of identify
 g - 4 scrolls of amnesia
 j - 19 scrolls of remove curse
 k - 5 scrolls of summoning
 p - 2 scrolls of teleportation
 q - 7 scrolls of recharging
 y - 7 scrolls of blinking
 C - 3 scrolls of magic mapping
 M - 5 scrolls of fog
 Q - 3 scrolls of enchant armour
Potions
 a - 4 potions of magic
 e - 28 potions of curing
 l - 3 potions of heal wounds
 n - 9 potions of brilliance
 r - a potion of agility
 v - 2 potions of invisibility
 z - 3 potions of cancellation
 J - 2 potions of resistance
 Z - 5 potions of mutation
Books
 w - Sif Muna's Incunabulum of Attacks and the Entourage
   (Sif Muna gifted it to you on level 5 of the Vaults)

   Spells                             Type                      Level
   a - Magic Dart                     Conjuration                  1
   b - Flame Tongue                   Conjuration/Fire             1
   c - Throw Flame                    Conjuration/Fire             2
   d - Searing Ray                    Conjuration                  2
   e - Haunt                          Necromancy/Summoning         7
   f - Dragon's Call                  Summoning                    9
 x - a book of Cantrips

   Spells                             Type                      Level
   a - Confusing Touch                Hexes                        1
   b - Animate Skeleton               Necromancy                   1
   c - Summon Small Mammal            Summoning                    1
   d - Apportation                    Translocation                1
 F - Esu Otho's Incunabulum of the Entourage and the Arsonist
   (Sif Muna gifted it to you on level 1 of the Tomb of the Ancients)

   Spells                             Type                      Level
   a - Summon Demon                   Summoning                    5
   b - Summon Greater Demon           Summoning                    7
   c - Summon Horrible Things         Summoning                    8
   d - Fire Storm                     Conjuration/Fire             9
Comestibles
 i - 23 meat rations


   Skills:
 - Level 21.0 Fighting
 - Level 20.0 Dodging
 - Level 17.2 Stealth
 - Level 4.0 Shields
 O Level 27 Spellcasting
 O Level 27 Conjurations
 - Level 7.0 Charms
 - Level 15.1 Necromancy
 - Level 15.0 Translocations
 - Level 13.0 Transmutations
 - Level 20.9 Fire Magic
 * Level 21.2 Ice Magic
 - Level 4.4 Air Magic
 - Level 23.5 Invocations
 - Level 21.0 Evocations


You had 6 spell levels left.
You knew the following spells:

 Your Spells              Type           Power        Failure   Level  Hunger
a - Magic Dart            Conj           ####         0%          1    N/A
b - Fire Storm            Conj/Fire      ########..   1%          9    N/A
c - Force Lance           Conj/Tloc      ########     0%          4    N/A
e - Controlled Blink      Tloc           N/A          1%          8    N/A
f - Orb of Destruction    Conj           ########..   0%          7    N/A
g - Glaciate              Conj/Ice       ########..   1%          9    N/A
h - Infestation           Necr           ########..   1%          8    N/A
k - Deflect Missiles      Chrm/Air       #######...   1%          6    N/A
l - Aura of Abjuration    Summ           ######....   3%          5    N/A
m - Necromutation         Tmut/Necr      ########..   2%          8    N/A
n - Swiftness             Chrm/Air       #######.     1%          2    N/A
o - Blink                 Tloc           N/A          0%          2    N/A
p - Passwall              Tmut/Erth      #######...   1%          2    N/A
r - Regeneration          Chrm/Necr      ########..   0%          3    N/A

Dungeon Overview and Level Annotations

Branches:
Dungeon (15/15)            Temple (1/1) D:6            Lair (6/6) D:11
  Swamp (4/4) Lair:3       Spider (4/4) Lair:2        Slime (5/5) Lair:6
    Orc (2/2) D:10            Elf (3/3) Orc:2        Vaults (5/5) D:13
  Crypt (3/3) Vaults:3       Tomb (3/3) Crypt:3      Depths (5/5) D:15
   Hell (1/1)                 Dis (7/7) Hell            Geh (7/7) Hell
    Coc (7/7) Hell            Tar (7/7) Hell            Zot (5/5) Depths:5

Altars:
Ashenzari
Cheibriados
Dithmenos
Elyvilon
Fedhas
Gozag
Hepliaklqana
Kikubaaqudgha
Makhleb
Nemelex Xobeh
Okawaru
Qazlal
Ru
Sif Muna
Trog
Uskayaw
Vehumet
Wu Jian
Xom
Yredelemnul
Zin
The Shining One
Beogh
Jiyva

Shops:
D:6 }   D:8 ?   Orc:2 !*(}   Elf:1 [=   Vaults:5 %   Depths:2 [

Portals:
Hell: Depths:1 Depths:2 Depths:3 Depths:4 Depths:5
Abyss: Depths:4
Pandemonium: Orc:2 Depths:3 Depths:5
Ziggurat: Depths:4

Annotations:
Swamp:2 exclusion: Roxanne, Roxanne
Depths:3 exclusion: door


Innate Abilities, Weirdness & Mutations

You tend to lose your temper in combat.
Your body sometimes deteriorates upon taking damage.
Your system is resistant to poisons. (rPois)
You are resistant to electric shocks. (rElec)


Message History

The smoke demon misses you.
The smoke demon hits you but does no damage.
The smoke demon misses you. You block the red devil's attack.
There is an open door here.
Casting: Necromutation
Confirm with . or Enter, or press ? or * to list all spells.
Aiming: Glaciate
Press: ? - help, Shift-Dir - straight line, f - tormentor
Aim: a tormentor You conjure a mighty blast of ice!
The great icy blast engulfs the tormentor.
You kill the tormentor!
Sif Muna accepts your kill.
The great icy blast engulfs the smoke demon.
You kill the smoke demon!
Sif Muna accepts your kill. The red devil completely misses you.
There is a staircase leading out of the dungeon here.
You can't go down here!
You have escaped!

#.# #.#...†...###..... #.#
#########'######### ##.... #.#
#.................# #.†.. #.#
#.#.###########.#.# #..>. #.#
#.##.#.......#.##.# ##### #.#
#.#.#.###'###.#.#.# # #.#
#.#.#.#.....#4#.#.# ######
#.###.#.#.#.....#§#§#.###.....
#.'.'.#.#.+..L..'§§§§.'.'.....
#####.#.#.#.....#§#§#.###.....
#.#.#.#.....#.#.#.# #.....
#.#.#.###+###.#.#.# #.....
#.##.#.......#.##.# #.....
#.#.###########.#.# #....)
#.................# #.....
#########'###########.....
#.#...............


There were no monsters in sight!

Vanquished Creatures
  Cerebov (Pan)
  Antaeus (Coc:7)
  Asmodeus (Geh:7)
  the Royal Jelly (Slime:5)
  Ereshkigal (Tar:7)
  A seraph (Pan)
  Mnoleg (Pan)
  Dispater (Dis:7)
  Lom Lobon (Pan)
  4 ancient liches
  Mara (Spider:3)
  4 orbs of fire
  Mennas (Pan)
  A juggernaut (Depths:5)
  5 greater mummies (Tomb:1)
  Boris (twice) (Vaults:4 Depths:4)
  6 shard shrikes
  9 Killer Klowns
  Margery (Crypt:2)
  Saint Roka (Depths:5)
  3 curse toes
  11 pandemonium lords
  Bai Suzhen (Swamp:4)
  4 golden dragons
  Geryon (Hell)
  Nikola (Swamp:2)
  Arachne (Spider:3)
  2 bone dragons
  the Enchantress (Depths:1)
  18 Tzitzimimeh
  A pearl dragon (Pan)
  11 liches
  3 electric golems
  A doom hound (Tar:7)
  A Hellbinder (WizLab)
  5 iron giants (Dis:7)
  17 Brimstone Fiends
  Jorgrun (Tomb:1)
  8 Hell Sentinels
  25 Orb Guardians
  15 tentacled monstrosities
  14 Ice Fiends
  Rupert (Lair:4)
  5 deep elf blademasters
  6 quicksilver dragons
  A deep elf master archer (Elf:3)
  8 titans
  21 acid blobs
  12 Executioners (Pan)
  4 death cobs
  A tentacled starspawn (Abyss:4)
  Agnes (D:15)
  4 ancient champions
  Frances (Swamp:1)
  An eldritch tentacle (Pan)
  2 sphinxes
  14 shadow dragons
  11 tengu reavers
  13 storm dragons
  Gastronok (D:12)
  5 draconian monks
  5 warmongers (Pan)
  2 revenants
  13 azure jellies
  9 daevas (Pan)
  Donald (Orc:2)
  4 draconian knights
  7 iron dragons
  10 deep elf sorcerers
  2 draconian scorchers
  18 frost giants
  19 fire giants
  6 ghost moths
  19 vault wardens
  5 deep elf elementalists
  2 ghouls
  9 angels (Pan)
  2 draconian stormcallers (Zot:3)
  4 emperor scorpions
  23 cacodemons
  38 balrugs
  A draconian shifter (Zot:4)
  28 stone giants
  3 spriggan defenders (Depths:1)
  2 elemental wellsprings (Coc:7)
  12 ironheart preservers
  5 war gargoyles
  16 very ugly things
  46 reapers
  4 blood saints (Pan)
  7 ophanim (Pan)
  6 draconian annihilators
  A juggernaut skeleton (Depths:4)
  4 entropy weavers
  9 corrupters (Pan)
  8 lorocyprocas
  10 black suns (Pan)
  10 vampire knights
  10 apis (Pan)
  11 deep elf demonologists
  6 green draconians
  10 purple draconians
  4 deep elf annihilators
  12 black draconians
  4 white draconians
  9 yellow draconians
  3 spark wasps
  5 red draconians
  23 blizzard demons
  9 deep elf death magi
  3 eidola
  Snorg (D:13)
  18 ettins
  9 green deaths
  11 death oozes
  The ghost of Dustman the Cleaver, a journeyman DsGl of Ashenzari (Lair:6)
  A fire dragon (shapeshifter) (Vaults:5)
  9 fire dragons
  2 quicksilver dragon zombies
  2 kraken zombies (Hell)
  5 mummy priests
  22 yaktaur captains
  3 jiangshi (Depths:2)
  7 small abominations
  10 deep elf high priests
  39 large abominations
  28 ice dragons
  5 monstrous demonspawn (Pan)
  12 great orbs of eyes
  12 ogre magi
  4 hell beasts
  3 quicksilver dragon skeletons
  A ghost crab (Swamp:2)
  35 vault guards
  25 hydras
  11 rakshasas
  A juggernaut simulacrum (Depths:2)
  2 catoblepae
  7 spriggan air magi
  A satyr (shapeshifter) (Depths:4)
  34 two-headed ogres
  34 dancing weapons
  9 centaur warriors
  A queen ant (Lair:2)
  6 alligators
  3 death knights
  12 death scarabs (Tomb:2)
  4 vampire magi
  4 titan zombies
  3 shock serpents (Pan)
  4 deep troll earth magi
  12 hell hogs
  13 deep troll shamans
  7 tengu warriors
  2 thrashing horrors
  9 orc high priests
  An iron golem (Geh:5)
  74 sun demons
  43 hell knights
  21 deep elf knights
  12 spriggan berserkers
  A storm dragon zombie (Coc:7)
  4 titan skeletons
  A salamander mystic (Depths:3)
  47 soul eaters
  40 skeletal warriors
  4 wretched stars
  28 shadow wraiths
  18 sixfirhies
  9 cherubim (Pan)
  4 storm dragon skeletons
  10 iron trolls
  24 deep trolls
  5 ghost moth zombies
  3 golden dragon zombies
  10 infernal demonspawn
  2 spriggan druids
  11 wizards
  8 unseen horrors
  6 anaconda zombies
  12 swamp dragons
  7 glowing orange brains
  An orange crystal statue (Abyss:4)
  5 gelid demonspawn (Pan)
  A glowing orange brain (shapeshifter) (Depths:4)
  15 shadow demons
  9 torturous demonspawn
  19 ironbrand convokers
  5 flayed ghosts
  A death drake (Tar:7)
  An unseen horror (shapeshifter) (D:15)
  17 deep elf archers
  Pikel (D:5)
  A golden dragon skeleton (Geh:7)
  2 kraken simulacra
  12 orc knights
  14 phantasmal warriors
  2 shambling mangroves
  A harpy (shapeshifter) (Vaults:4)
  A harpy (Vaults:1)
  25 necromancers
  A shadow dragon zombie (Geh:7)
  A sphinx zombie (Depths:4)
  20 orb spiders
  A wolf spider zombie (Geh:7)
  A statue (Abyss:2)
  A manticore (D:7)
  3 anaconda skeletons
  30 ugly things
  42 wolf spiders
  10 cyclopes
  2 shadow dragon skeletons
  4 orc sorcerers (Orc:2)
  4 shining eyes
  An oklob plant (D:11)
  2 fire giant zombies
  5 iron dragon zombies
  49 deep elf magi
  A worldbinder (Abyss:4)
  2 frost giant zombies
  2 salamanders (Depths:3)
  A tengu skeleton (Depths:4)
  3 centaur zombies
  20 moths of wrath
  A black mamba (shapeshifter) (Vaults:1)
  3 dire elephant zombies
  17 rust devils
  A shock serpent zombie (Geh:7)
  10 molten gargoyles
  A frost giant skeleton (Geh:4)
  Joseph (D:7)
  2 fire giant skeletons
  4 iron dragon skeletons
  14 vault sentinels
  8 titan simulacra (Coc:7)
  6 elephants (Lair:6)
  46 smoke demons
  4 black mambas
  An emperor scorpion zombie (Geh:4)
  3 gargoyles
  4 eyes of devastation
  28 orange demons
  4 storm dragon simulacra
  2 stone giant skeletons
  21 spiny frogs
  A torpor snail (Spider:1)
  2 rime drakes (Lair:3)
  4 dire elephant skeletons
  28 hellions
  A rime drake (shapeshifter) (Depths:1)
  3 efreet
  A catoblepas zombie (Tar:7)
  17 demonic crawlers
  31 hellwings
  A kobold demonologist (D:12)
  54 yaktaurs
  6 anaconda simulacra (Coc:7)
  A ghost moth simulacrum (Hell)
  32 red devils
  23 tormentors
  6 komodo dragons
  A yaktaur (shapeshifter) (D:15)
  21 guardian mummies
  33 ice devils
  25 freezing wraiths
  6 hydra zombies
  2 tengu conjurers (Depths:4)
  An ancient zyme (Abyss:4)
  A troll (shapeshifter) (Vaults:3)
  A human skeleton (Vaults:3)
  37 jumping spiders
  Grinder (D:5)
  A hornet (shapeshifter) (Depths:4)
  3 polar bears (Lair:6)
  A wind drake (shapeshifter) (Vaults:4)
  Prince Ribbit (D:5)
  3 harpy skeletons
  2 tyrant leeches (Swamp:3)
  5 trolls
  The ghost of Nico3ck the Chopper, an amateur FoFi (D:9)
  3 hydra skeletons
  2 ettin zombies
  20 hornets
  18 blink frogs
  120 slime creatures
  3 fire dragon zombies
  A stone giant simulacrum (Coc:1)
  8 hippogriffs
  2 raiju
  17 bog bodies
  2 hippogriffs (shapeshifter)
  7 dream sheep (Lair:6)
  3 starcursed masses (Abyss:4)
  5 alligator zombies
  An ice dragon skeleton (Geh:7)
  A black mamba zombie (Coc:7)
  94 flying skulls
  18 shadows
  2 alligator skeletons
  3 fire dragon skeletons
  79 redbacks
  19 spriggans
  2 water elementals
  5 ettin skeletons
  11 air elementals
  21 wraiths
  22 tarantellas
  A redback (shapeshifter) (Depths:3)
  20 ynoxinuls
  30 yaks
  3 ushabtiu
  5 golden eyes
  A basilisk (Lair:6)
  3 elf zombies
  7 wyverns
  17 fire elementals
  A steam dragon (D:5)
  25 neqoxecs
  A spriggan simulacrum (Depths:2)
  A yaktaur simulacrum (Vaults:3)
  5 hungry ghosts
  17 vampire mosquitoes
  34 chaos spawn
  3 wargs
  A gelid demonspawn zombie (Geh:6)
  4 soldier ants (Lair:2)
  23 swamp worms
  19 insubstantial wisps
  2 acid dragons (Vaults:2)
  9 water moccasins
  39 hell hounds
  6 spiny frog zombies
  2 hydra simulacra (Coc:7)
  An acid dragon (shapeshifter) (D:15)
  3 floating eyes
  An ice beast (shapeshifter) (Vaults:5)
  36 orc warriors
  21 swamp drakes
  4 porcupines
  4 black bears
  4 sky beasts
  2 slaves (D:5)
  3 spiny frog skeletons
  9 ice beasts
  12 necrophages
  24 boggarts
  22 ogres
  4 snapping turtle zombies
  A black mamba simulacrum (Hell)
  An elephant zombie (Crypt:1)
  6 eyes of draining
  2 phantoms
  A manticore zombie (Geh:1)
  2 snapping turtle skeletons
  29 wolves
  29 centaurs
  A swamp dragon skeleton (Crypt:2)
  2 manticore skeletons
  15 crocodiles
  A big kobold (shapeshifter) (Depths:3)
  2 big kobolds
  Blork the orc (D:4)
  13 bullfrogs
  A gnoll sergeant (D:10)
  An elf skeleton (Coc:1)
  2 earth elementals (Elf:1)
  5 scorpions
  A yak zombie (Crypt:3)
  A human simulacrum (Vaults:2)
  A troll zombie (Tar:5)
  53 wights
  15 killer bees
  An orc simulacrum (Vaults:1)
  3 electric eels (D:8)
  2 howler monkeys (D:9)
  A spriggan skeleton (Geh:7)
  26 crimson imps
  5 lava snakes (D:14)
  4 quasits
  3 bullfrog zombies
  4 hounds
  A human zombie (Geh:6)
  7 jellies
  16 orc wizards
  5 bullfrog skeletons
  28 orc priests
  5 centaur skeletons
  7 iron imps
  Ijyb (D:3)
  2 iguanas
  35 worker ants
  4 hell rats
  A porcupine skeleton (Crypt:2)
  2 hound zombies
  A naga skeleton (Tar:5)
  14 mummies
  9 gnolls
  2 worker ant zombies
  15 adders
  10 shadow imps
  6 white imps
  An ufetubus (Zot:5)
  2 adder zombies
  5 adder skeletons
  A worm (D:2)
  4 ball lightnings (Pan)
  4 dart slugs
  5 leopard geckos
  108 orcs
  9 giant cockroaches
  10 goblins
  8 hobgoblins
  8 jackals
  10 kobolds
  6 quokkas
  A ball python (D:3)
  14 bats
  5 frilled lizards
  A kobold skeleton (Coc:7)
  An orc zombie (Crypt:2)
  7 rats
  77 blocks of ice
  A crawling corpse (Crypt:2)
  248 fire vortices
  3 fungi
  3 plants
  2 starspawn tentacles (Abyss:4)
  10 tentacles
4384 creatures vanquished.

Vanquished Creatures (collateral kills)
  Gloorx Vloq (Pan)
  An ancient lich (Tomb:2)
  27 greater mummies
  2 Tzitzimimeh (Tar:7)
  A Brimstone Fiend (Pan)
  2 liches
  2 Ice Fiends (Pan)
  2 Orb Guardians (Zot:5)
  2 titans
  4 ancient champions
  3 Executioners (Pan)
  7 sphinxes (Tomb:1)
  A storm dragon (Zot:4)
  A shadow dragon (Tar:7)
  3 revenants
  A frost giant (Depths:2)
  5 balrugs (Pan)
  A curse skull (Pan)
  2 reapers
  A stone giant (Depths:4)
  2 apis (Pan)
  8 bennus (Tomb:3)
  An ophan (Pan)
  2 deep elf annihilators (Vaults:5)
  An ettin (Depths:1)
  15 mummy priests
  2 great orbs of eyes
  A vault guard (Vaults:5)
  15 death scarabs
  5 sun demons (Pan)
  7 skeletal warriors
  A shadow wraith (Tar:7)
  A torturous demonspawn (Depths:3)
  3 golden dragon zombies
  3 golden dragon skeletons
  4 shadow demons (Pan)
  A shadow dragon zombie (Tomb:2)
  A shadow dragon skeleton (Tomb:2)
  A wolf spider (Vaults:3)
  A slime creature (Depths:1)
  A storm dragon simulacrum (Tomb:2)
  An efreet (Pan)
  6 demonic crawlers (Pan)
  A hellwing (Pan)
  33 guardian mummies
  An ice devil (Hell)
  2 red devils (Pan)
  A tengu conjurer (Depths:2)
  A fire dragon zombie (Geh:7)
  2 harpy skeletons
  A frost giant simulacrum (Tomb:1)
  A stone giant simulacrum (Tomb:2)
  4 flying skulls
  An ice dragon zombie (Geh:1)
  2 alligator zombies
  2 ynoxinuls (Pan)
  An ettin skeleton (Pan)
  2 large abominations (Pan)
  7 ushabtiu
  A golden eye (Pan)
  A hydra simulacrum (Coc:7)
  2 floating eyes (Pan)
  An ettin simulacrum (Crypt:2)
  A necrophage (Tar:7)
  An ogre (Depths:2)
  A boggart (Vaults:3)
  A swamp dragon skeleton (Tomb:1)
  2 wights (Geh:4)
  A crimson imp (Pan)
  21 mummies
  A shadow imp (Tar:5)
  2 white imps
  3 orcs (Depths:5)
  12 blocks of ice
  2 crawling corpses
267 creatures vanquished.

Vanquished Creatures (others)
  4 eldritch tentacles
  17 death scarabs
  A titan zombie (Geh:7)
  A smoke demon (Pan)
  2 hellions (Geh:7)
  2 raiju (Abyss:4)
  A wraith (Geh:1)
  A boggart (Vaults:3)
  A mummy (Tomb:2)
  409 blocks of ice
  872 fire vortices
  92 fulminant prisms
  5 fungi
  A lurking horror (Abyss:4)
  3 plants (Lair:6)
  7 starspawn tentacles (Abyss:4)
  15 tentacles
1434 creatures vanquished.

Grand Total: 6085 creatures vanquished

Notes
Turn   | Place    | Note
-------+----------+-------------------------------------------
     0 | D:1      | Torious the Deep Elf Conjurer began the quest for the Orb.
     0 | D:1      | Reached XP level 1. HP: 10/10 MP: 6/6
   163 | D:1      | Reached XP level 2. HP: 15/15 MP: 2/8
   167 | D:1      | Learned a level 2 spell: Searing Ray
   194 | D:1      | Reached skill level 5 in Conjurations
   548 | D:1      | Reached XP level 3. HP: 13/19 MP: 3/9
   801 | D:2      | Reached XP level 4. HP: 15/24 MP: 1/11
   807 | D:2      | Learned a level 4 spell: Force Lance
  1144 | D:2      | Reached skill level 1 in Translocations
  1563 | D:3      | Reached XP level 5. HP: 28/28 MP: 6/13
  1572 | D:3      | Learned a level 4 spell: Iskenderun's Mystic Blast
  2216 | D:3      | Noticed Ijyb
  2238 | D:3      | Killed Ijyb
  2238 | D:3      | Reached XP level 6. HP: 32/32 MP: 3/15
  2361 | D:4      | Reached skill level 5 in Spellcasting
  2459 | D:4      | Found an iron altar of Okawaru.
  2460 | D:4      | Noticed Blork the orc
  2762 | D:4      | Reached skill level 5 in Dodging
  3147 | D:5      | Entered Level 5 of the Dungeon
  3195 | D:5      | Reached XP level 7. HP: 36/36 MP: 9/17
  3232 | D:5      | Noticed Grinder
  3396 | D:5      | Noticed Prince Ribbit
  3457 | D:5      | Got a pitted hand axe
  3458 | D:5      | Identified the +7 hand axe of Peace {antimagic, *Contam rF++ MR++} (You found it on level 5 of the Dungeon)
  3461 | D:5      | Gained mutation: Your magical capacity is low. (-10% MP) [mutagenic glow]
  3529 | D:5      | Noticed Pikel
  3679 | D:6      | Found Wydaj's Gadget Emporium.
  3694 | D:6      | Found a staircase to the Ecumenical Temple.
  3783 | Temple   | Entered the Ecumenical Temple
  3844 | Temple   | Became a worshipper of Sif Muna the Loreminder
  4141 | D:6      | Reached XP level 8. HP: 37/41 MP: 10/18
  4333 | D:6      | Learned a level 4 spell: Fulminant Prism
  4381 | D:6      | Reached * piety under Sif Muna
  5088 | D:5      | Reached XP level 9. HP: 45/45 MP: 21/21
  5260 | D:5      | Killed Prince Ribbit
  5260 | D:5      | Reached ** piety under Sif Muna
  5351 | D:5      | Paralysed by Grinder for 2 turns
  5353 | D:5      | Killed Grinder
  5494 | D:5      | Killed Pikel
  5566 | D:4      | Killed Blork the orc
  5566 | D:4      | Reached skill level 10 in Conjurations
  5647 | D:7      | Found a shattered altar of Ashenzari.
  5648 | D:7      | Found a shimmering altar of Xom.
  5652 | D:7      | Found a shimmering altar of Xom.
  5653 | D:7      | Found a shimmering altar of Xom.
  5654 | D:7      | Found a shimmering altar of Xom.
  5655 | D:7      | Found a shimmering altar of Xom.
  5655 | D:7      | Found a shimmering altar of Xom.
  5657 | D:7      | Found a shimmering altar of Xom.
  5680 | D:7      | Noticed Joseph
  5686 | D:7      | Killed Joseph
  6072 | D:7      | Noticed a manticore
  6078 | D:7      | Noticed a deep elf mage
  6082 | D:7      | Killed a manticore
  6082 | D:7      | Reached *** piety under Sif Muna
  6082 | D:7      | Reached XP level 10. HP: 50/50 MP: 18/23
  6086 | D:7      | Killed a deep elf mage
  6107 | D:7      | Reached skill level 10 in Spellcasting
  6107 | D:7      | Reached skill level 1 in Invocations
  6422 | D:8      | Noticed a two-headed ogre
  6453 | D:8      | Killed a two-headed ogre
  6453 | D:8      | Reached skill level 10 in Dodging
  6709 | D:8      | Noticed a two-headed ogre
  6713 | D:8      | Killed a two-headed ogre
  6713 | D:8      | Reached skill level 1 in Fighting
  6836 | D:8      | Noticed a two-headed ogre
  6882 | D:8      | Killed a two-headed ogre
  6993 | D:8      | Found a snail-covered altar of Cheibriados.
  7048 | D:8      | Found Reubish's Magic Scroll Shoppe.
  7051 | D:8      | Bought a scroll of magic mapping for 56 gold pieces
  7345 | D:9      | Noticed a cyclops
  7354 | D:9      | Noticed a two-headed ogre
  7354 | D:9      | Noticed a brown ugly thing
  7424 | D:9      | Noticed Nico3ck's ghost (amateur FoFi)
  7451 | D:9      | Killed Nico3ck's ghost
  7474 | D:9      | Reached **** piety under Sif Muna
  7505 | D:9      | Reached XP level 11. HP: 59/59 MP: 15/25
  7687 | D:9      | Identified a scroll of acquirement
  7699 | D:9      | Killed a brown ugly thing
  7756 | D:9      | Killed a two-headed ogre
  7961 | D:10     | Entered Level 10 of the Dungeon
  8421 | D:10     | Found a staircase to the Orcish Mines.
  8638 | D:11     | Killed an unseen horror
  8655 | D:11     | Noticed a two-headed ogre
  8661 | D:11     | Killed a two-headed ogre
  8818 | D:11     | Noticed a two-headed ogre
  8822 | D:11     | Killed a two-headed ogre
  8822 | D:11     | Reached ***** piety under Sif Muna
  8822 | D:11     | Received a gift from Sif Muna
  8825 | D:11     | Identified Noasa's Volume of the Arsonist (Sif Muna gifted it to you on level 11 of the Dungeon)
  8834 | D:11     | Learned a level 5 spell: Fireball
  8838 | D:11     | Learned a level 3 spell: Conjure Flame
  8845 | D:11     | Learned a level 6 spell: Bolt of Fire
  8869 | D:11     | Noticed an oklob plant
  8885 | D:11     | Found a staircase to the Lair.
  8904 | D:11     | Killed an unseen horror
  8904 | D:11     | Reached skill level 1 in Fire Magic
  8995 | D:11     | Reached skill level 5 in Invocations
  9172 | D:11     | Reached XP level 12. HP: 37/67 MP: 28/28
  9191 | D:11     | Noticed a tengu reaver
  9369 | D:11     | Noticed a five-headed hydra
  9372 | D:11     | Killed a five-headed hydra
  9393 | D:11     | Noticed a frost giant
  9737 | D:12     | Reached skill level 5 in Fighting
  9968 | D:12     | Noticed a four-headed hydra
  9973 | D:12     | Killed a four-headed hydra
 10056 | D:12     | Reached skill level 5 in Fire Magic
 10081 | D:12     | Noticed Gastronok
 10480 | D:12     | Killed Gastronok
 10820 | Lair:1   | Entered Level 1 of the Lair of Beasts
 11090 | Lair:1   | Reached XP level 13. HP: 74/74 MP: 28/30
 11140 | Lair:1   | Found a frozen archway.
 11194 | IceCv    | Entered an ice cave
 11280 | Lair:2   | Received a gift from Sif Muna
 11305 | Lair:2   | Learned a level 4 spell: Sticky Flame
 11887 | Lair:2   | Found a hole to the Spider Nest.
 11989 | Lair:3   | Reached skill level 15 in Spellcasting
 12191 | Lair:3   | Found a staircase to the Swamp.
 12609 | Lair:4   | Noticed Rupert
 12647 | Lair:6   | Entered Level 6 of the Lair of Beasts
 12902 | Lair:5   | Lost mutation: Your magical capacity is low. (-10% MP) [potion of mutation]
 12902 | Lair:5   | Gained mutation: Your body sometimes deteriorates upon taking damage. [potion of mutation]
 12902 | Lair:5   | Gained mutation: You are resistant to electric shocks. (rElec) [potion of mutation]
 12902 | Lair:5   | Gained mutation: Your system is resistant to poisons. (rPois) [potion of mutation]
 13293 | Lair:6   | Received a gift from Sif Muna
 13380 | Lair:6   | Found a staircase to the Slime Pits.
 13411 | Lair:6   | Reached XP level 14. HP: 82/82 MP: 36/36
 13592 | Lair:6   | Reached skill level 10 in Fire Magic
 13956 | Lair:6   | Identified the Papyrus of Igneous Ice
 14258 | Lair:4   | Killed Rupert
 14563 | D:11     | Killed a frost giant
 14768 | D:11     | Killed a tengu reaver
 14813 | D:11     | Found a basalt altar of Yredelemnul.
 14815 | D:11     | Found a shimmering altar of Xom.
 15118 | D:13     | Learned a level 3 spell: Regeneration
 15131 | D:13     | Noticed Snorg
 15137 | D:13     | Killed Snorg
 15471 | D:13     | Identified Sif Muna's Grimoire of the Icy Traveller (Sif Muna gifted it to you on level 13 of the Dungeon)
 15471 | D:13     | Received a gift from Sif Muna
 15706 | D:13     | Found a gate to the Vaults.
 15836 | D:13     | Reached skill level 1 in Shields
 15836 | D:13     | Reached skill level 5 in Translocations
 16072 | D:14     | Reached skill level 10 in Invocations
 16439 | D:14     | Found a sacrificial altar of Ru.
 16723 | Orc:1    | Entered Level 1 of the Orcish Mines
 16753 | Orc:1    | Reached XP level 15. HP: 89/89 MP: 38/38
 16771 | Orc:1    | Upgraded the game from 0.21-a0-176-gb3d4b37 to 0.21-a0-178-g0b87683
 17087 | Orc:2    | Entered Level 2 of the Orcish Mines
 17124 | Orc:2    | Found a staircase to the Elven Halls.
 17237 | Orc:2    | Noticed Donald
 17245 | Orc:2    | Killed Donald
 17483 | Orc:2    | Found a roughly hewn altar of Beogh.
 17595 | Orc:2    | Found Meoff's Distillery.
 17662 | Orc:2    | Found Wisual's General Store.
 18000 | Orc:2    | Identified Sif Muna's Papyrus of Ensnaring Translocation (Sif Muna gifted it to you on level 2 of the Orcish Mines)
 18000 | Orc:2    | Received a gift from Sif Muna
 18019 | Orc:2    | Found Mot Far's Antique Weapon Shoppe.
 18019 | Orc:2    | Found a one-way gate leading to the halls of Pandemonium.
 18019 | Orc:2    | Found Ucleh's Gadget Emporium.
 18193 | Orc:2    | Bought a potion of experience for 850 gold pieces
 18193 | Orc:2    | Reached XP level 16. HP: 95/95 MP: 40/40
 18196 | Orc:2    | Bought the ring "Legum" {rF+ MP+9 Dex+5} for 489 gold pieces
 18200 | Orc:2    | Bought a potion of heal wounds for 85 gold pieces
 18202 | Orc:2    | Bought a book of Clouds for 495 gold pieces
 18426 | Lair:3   | Learned a level 6 spell: Freezing Cloud
 18436 | Swamp:1  | Entered Level 1 of the Swamp
 18440 | Swamp:1  | Reached skill level 1 in Ice Magic
 18444 | Swamp:1  | Noticed Frances
 18450 | Swamp:1  | Killed Frances
 18922 | Swamp:2  | Found a transporter.
 19164 | Swamp:3  | Received a gift from Sif Muna
 19219 | Swamp:2  | Noticed Roxanne
 19283 | Swamp:2  | Noticed Nikola
 19290 | Swamp:2  | Killed Nikola
 19290 | Swamp:2  | Reached skill level 5 in Ice Magic
 19293 | Swamp:2  | Found a transporter.
 19356 | Swamp:2  | Noticed a Brimstone Fiend
 19662 | Swamp:4  | Entered Level 4 of the Swamp
 19877 | Swamp:3  | Reached XP level 17. HP: 101/101 MP: 42/42
 20004 | Swamp:3  | Learned a level 6 spell: Deflect Missiles
 20170 | Swamp:4  | Reached skill level 1 in Charms
 20219 | Swamp:4  | Reached skill level 10 in Fighting
 20229 | Swamp:4  | Received a gift from Sif Muna
 20260 | Swamp:4  | Noticed Bai Suzhen
 20275 | Swamp:4  | Killed Bai Suzhen
 20275 | Swamp:4  | Reached skill level 1 in Air Magic
 20616 | Swamp:4  | Got a decaying rune of Zot
 20794 | Swamp:2  | Learned a level 5 spell: Aura of Abjuration
 20798 | Swamp:2  | Got a slimy wooden ring
 20810 | Swamp:2  | Got a distressingly furry helmet
 20813 | Swamp:2  | Got a crude ivory ring
 20835 | Swamp:1  | Identified the cursed ring of Myucia {*Slow +Fly rC+ Int-3} (You found it on level 2 of the Swamp)
 20837 | Swamp:1  | Identified the ring of Wamoz {rPois rF+ MR- Str+4 Stlth-} (You found it on level 2 of the Swamp)
 20848 | Swamp:1  | Identified the +1 helmet of Gatetewk {Int+4 Dex+5} (You found it on level 2 of the Swamp)
 20950 | Spider:1 | Entered Level 1 of the Spider Nest
 21078 | Spider:1 | Reached skill level 5 in Charms
 21807 | Spider:2 | Received a gift from Sif Muna
 21918 | Spider:2 | Got a slimy glaive
 22220 | Spider:3 | Noticed Mara
 22375 | Spider:3 | Reached XP level 18. HP: 107/107 MP: 17/45
 22393 | Spider:3 | Noticed Torious's illusion
 22400 | Spider:3 | Noticed Torious's illusion
 22400 | Spider:3 | Killed Mara
 22452 | Spider:3 | Noticed Arachne
 22457 | Spider:3 | Killed Arachne
 22459 | Spider:3 | Received a gift from Sif Muna
 22623 | Spider:4 | Entered Level 4 of the Spider Nest
 23129 | Spider:4 | Reached skill level 15 in Conjurations
 23212 | Spider:4 | Identified Sif Muna's Catalogue of Confrontation (Sif Muna gifted it to you on level 4 of the Spider Nest)
 23212 | Spider:4 | Received a gift from Sif Muna
 23886 | Spider:4 | Got a gossamer rune of Zot
 24089 | Lair:2   | Identified the cursed +1 glaive "Gaupuv" {venom, rPois rC+ Dex+2} (You found it on level 2 of the Spider Nest)
 24121 | Lair:2   | Learned a level 9 spell: Fire Storm
 24214 | Vaults:1 | Entered Level 1 of the Vaults
 24343 | Vaults:2 | Received a gift from Sif Muna
 24343 | Vaults:2 | Reached skill level 15 in Fire Magic
 24346 | Vaults:2 | Identified Sif Muna's Collected Works on the Rocks and Snow (Sif Muna gifted it to you on level 2 of the Vaults)
 24560 | Vaults:1 | Reached XP level 19. HP: 112/112 MP: 46/46
 24627 | Vaults:1 | Noticed a lich
 24629 | Vaults:1 | Killed a lich
 24892 | Vaults:1 | Paralysed by a wizard for 7 turns
 25296 | Vaults:1 | Received a gift from Sif Muna
 25297 | Vaults:1 | Identified Sif Muna's Handbook of Attacks (Sif Muna gifted it to you on level 1 of the Vaults)
 25397 | Vaults:1 | Learned a level 7 spell: Orb of Destruction
 25995 | Vaults:2 | Reached ****** piety under Sif Muna
 26040 | Vaults:3 | Received a gift from Sif Muna
 26276 | Vaults:2 | Reached XP level 20. HP: 117/117 MP: 26/47
 26784 | Vaults:3 | Upgraded the game from 0.21-a0-178-g0b87683 to 0.21-a0-179-gd2bfb5f
 26792 | Vaults:3 | Identified Sif Muna's Almanac of the Volcanoes and Flight (Sif Muna gifted it to you on level 3 of the Vaults)
 26792 | Vaults:3 | Received a gift from Sif Muna
 26897 | Vaults:3 | Learned a level 8 spell: Controlled Blink
 27446 | Vaults:3 | Reached skill level 10 in Translocations
 27483 | Vaults:3 | Found a staircase to the Crypt.
 27733 | Vaults:4 | Noticed Boris
 27736 | Vaults:4 | Killed Boris
 27736 | Vaults:4 | Identified Sif Muna's Tome of Venom and the Birds (Sif Muna gifted it to you on level 4 of the Vaults)
 27736 | Vaults:4 | Received a gift from Sif Muna
 28652 | Vaults:5 | Entered Level 5 of the Vaults
 28704 | Vaults:5 | Reached XP level 21. HP: 79/122 MP: 7/48
 28753 | Vaults:5 | Identified Sif Muna's Incunabulum of Battle Magic (Sif Muna gifted it to you on level 5 of the Vaults)
 28753 | Vaults:5 | Received a gift from Sif Muna
 29086 | Vaults:5 | Got a distressingly furry robe
 29113 | Vaults:5 | Identified the Papyrus of the Shifting Birds
 29175 | Vaults:5 | Reached skill level 10 in Ice Magic
 29260 | Vaults:5 | Got a smoking robe
 29281 | Vaults:5 | Identified the cursed +1 robe of Satisfaction {rF+ Regen+ Str-3} (You found it on level 5 of the Vaults)
 29335 | Vaults:5 | Identified the +0 robe of Rarch {Str-4 Int+4} (You took it off an entropy weaver on level 5 of the Vaults)
 29356 | Vaults:5 | Identified Sif Muna's Papyrus of Dislocation and Combat Magic (Sif Muna gifted it to you on level 5 of the Vaults)
 29356 | Vaults:5 | Received a gift from Sif Muna
 29379 | Vaults:5 | Noticed an ancient lich
 29382 | Vaults:5 | Paralysed by an ancient lich for 7 turns
 29395 | Vaults:5 | Killed an ancient lich
 29695 | Vaults:5 | Found Suighihi's Food Emporium.
 29773 | Vaults:5 | Identified Sif Muna's Incunabulum of Attacks and the Entourage (Sif Muna gifted it to you on level 5 of the Vaults)
 29773 | Vaults:5 | Received a gift from Sif Muna
 29785 | Vaults:5 | Reached XP level 22. HP: 127/127 MP: 15/50
 30240 | Vaults:5 | Identified the Volume of Toxic Transmutation
 30258 | Vaults:5 | Got a silver rune of Zot
 30288 | Vaults:5 | Identified the Incunabulum of Shape Shifting and the Volcanoes
 30935 | Elf:1    | Entered Level 1 of the Elven Halls
 31122 | Elf:1    | Found a magical portal.
 31129 | WizLab   | Entered The Hall of the Hellbinder
 31217 | WizLab   | Reached skill level 1 in Necromancy
 31371 | WizLab   | Received a gift from Sif Muna
 31541 | WizLab   | Found a burning altar of Makhleb.
 31576 | WizLab   | Identified Ecidumur's Disquisition on the Entourage
 31596 | WizLab   | Got a twisted quarterstaff
 31602 | WizLab   | Identified the +10 quarterstaff "Mativiz" {speed, rC+ Dex+2} (You found it in a wizard's laboratory)
 31609 | WizLab   | Identified Ranimnec's Tome of Calling
 31708 | Elf:1    | Learned a level 9 spell: Glaciate
 31761 | Elf:1    | Found Tuzal's Jewellery Boutique.
 32230 | Elf:1    | Found Pouhu's Armour Boutique.
 32504 | Elf:2    | Found a runed gate.
 32504 | Elf:2    | Found a runed gate.
 32504 | Elf:2    | Found a runed gate.
 32728 | Elf:2    | Reached skill level 15 in Ice Magic
 32795 | Elf:2    | Identified Ruotuoff's Collected Works on Unholy Dislocation (Sif Muna gifted it to you on level 2 of the Elven Halls)
 32795 | Elf:2    | Received a gift from Sif Muna
 32924 | Elf:3    | Entered Level 3 of the Elven Halls
 33197 | Elf:3    | Identified the +3 ring mail of Mirth {rF+} (You found it on level 3 of the Elven Halls)
 33260 | Elf:3    | Reached XP level 23. HP: 100/132 MP: 21/52
 33342 | Elf:3    | Got a vibrating jade ring
 33346 | Elf:3    | Got a warped arbalest
 33364 | Elf:3    | Got a slimy amethyst amulet
 33423 | Elf:3    | Identified the +5 arbalest of Qomylewo {freeze, Str+3} (You found it on level 3 of the Elven Halls)
 33425 | Elf:3    | Got a dazzling mace
 33426 | Elf:3    | Identified the +9 mace of the Extremes {drain, +Blink Stlth+} (You found it on level 3 of the Elven Halls)
 33477 | Elf:3    | Identified the ring "Ditasm" {*Tele *Corrode rF+++ MP+9 Int+2} (You took it off a deep elf death mage on level 3 of the Elven Halls)
 33981 | Elf:1    | Bought a +0 pair of boots of flying for 149 gold pieces
 34032 | Elf:1    | Identified the amulet "Xecagrunk" {Inacc MR+++ Str-5 Int+4 Stlth+} (You found it on level 3 of the Elven Halls)
 34036 | Elf:1    | Bought an uncursed ring of see invisible for 255 gold pieces
 34036 | Elf:1    | Bought the ring "Duareob" {MP+9 Dex+3 Slay+3} for 780 gold pieces
 34134 | Orc:2    | Bought a book of Air for 385 gold pieces
 34254 | Lair:2   | Learned a level 2 spell: Swiftness
 34352 | Slime:1  | Entered Level 1 of the Pits of Slime
 34417 | Slime:2  | Identified Sif Muna's Handbook of Protection and Bewitchment (Sif Muna gifted it to you on level 2 of the Pits of Slime)
 34417 | Slime:2  | Received a gift from Sif Muna
 34430 | Slime:2  | Reached skill level 5 in Necromancy
 34868 | Slime:5  | Entered Level 5 of the Pits of Slime
 34884 | Slime:5  | Received a gift from Sif Muna
 34894 | Slime:5  | Noticed the Royal Jelly
 35001 | Slime:5  | Reached skill level 10 in Necromancy
 35088 | Slime:5  | Found a viscous altar of Jiyva.
 35245 | Slime:5  | Killed the Royal Jelly
 35305 | Slime:5  | Got an ivory halberd
 35311 | Slime:5  | Got an ancient bone ring
 35351 | Slime:5  | Got a slimy rune of Zot
 35373 | Slime:5  | Identified the ring of Bucuqye {rElec rC+} (You found it on level 5 of the Pits of Slime)
 35376 | Slime:5  | Identified the +7 halberd of Haciruak {venom, *Slow rElec MR+ Str+4} (You found it on level 5 of the Pits of Slime)
 35465 | Lair:6   | Noticed Dustman's ghost (journeyman DsGl)
 35467 | Lair:6   | Killed Dustman's ghost
 35663 | D:12     | Reached skill level 1 in Evocations
 35711 | D:15     | Entered Level 15 of the Dungeon
 35873 | D:15     | Found a staircase to the Depths.
 35925 | D:15     | Noticed Agnes
 35929 | D:15     | Killed Agnes
 36397 | D:15     | Reached XP level 24. HP: 137/137 MP: 44/53
 36439 | D:15     | Identified Sif Muna's Compendium of Polytheism (Sif Muna gifted it to you on level 15 of the Dungeon)
 36439 | D:15     | Received a gift from Sif Muna
 36669 | Depths:1 | Entered Level 1 of the Depths
 36670 | Depths:1 | Upgraded the game from 0.21-a0-179-gd2bfb5f to 0.21-a0-184-g9126a74
 36672 | Depths:1 | Reached skill level 5 in Evocations
 36711 | Depths:1 | Noticed the Enchantress
 36711 | Depths:1 | Killed the Enchantress
 36758 | Depths:1 | Got faerie dragon scales
 36789 | Depths:1 | Identified the +6 faerie dragon scales {MR- rCorr MP+9 SInv} (You took it off the Enchantress on level 1 of the Depths)
 36900 | Depths:1 | Got a vibrating zirconium amulet
 37094 | Depths:1 | Found a gateway to Hell.
 37407 | Depths:1 | Found a glowing golden altar of the Shining One.
 37729 | Depths:2 | Reached skill level 10 in Evocations
 37836 | Depths:2 | Identified Otesas's Collected Works on Flames (Sif Muna gifted it to you on level 2 of the Depths)
 37836 | Depths:2 | Received a gift from Sif Muna
 38061 | Depths:2 | Found Upoxo's Antique Armour Emporium.
 39489 | Depths:4 | Reached XP level 25. HP: 143/143 MP: 4/54
 39630 | Depths:4 | Identified the amulet "Qachesh" {Spirit rElec rPois Str+2 Stlth+} (You took it off a balrug on level 1 of the Depths)
 39993 | Depths:4 | Found a one-way gate to the infinite horrors of the Abyss.
 40077 | Depths:4 | Noticed Boris
 40082 | Depths:4 | Killed Boris
 40163 | Depths:4 | Found a gateway to a ziggurat.
 40413 | Depths:4 | Identified the +4 rapier of Agony {flame, +Fly rF++ MP-9 Str+3} (You took it off a yaktaur captain on level 4 of the Depths)
 40468 | Depths:4 | Found an ancient bone altar of Kikubaaqudgha.
 40469 | Depths:4 | Found a snail-covered altar of Cheibriados.
 40469 | Depths:4 | Found an opulent altar of Gozag.
 40469 | Depths:4 | Found an ornate altar of the Wu Jian Council.
 40549 | Depths:4 | Found a shimmering altar of Xom.
 40627 | Depths:4 | Identified the +10 flail of Awkwardness {freeze, rC+ Stlth+} (You took it off a boggart on level 4 of the Depths)
 40648 | Depths:4 | Learned a level 8 spell: Necromutation
 40807 | Depths:4 | Reached skill level 1 in Transmutations
 40808 | Depths:4 | Identified Tigust's Grimoire of Lucky Conjuration (Sif Muna gifted it to you on level 4 of the Depths)
 40808 | Depths:4 | Received a gift from Sif Muna
 40909 | Depths:4 | Identified the +7 battleaxe of Charity {chop, rC+} (You took it off a deep elf elementalist on level 4 of the Depths)
 40946 | Depths:4 | Reached skill level 5 in Transmutations
 41203 | Depths:4 | Identified Further Steps in Magic
 41407 | Depths:4 | Found a runed door.
 41411 | Depths:4 | Found a runed door.
 41411 | Depths:4 | Found a runed door.
 41610 | Depths:5 | Entered Level 5 of the Depths
 42019 | Depths:5 | Noticed Saint Roka
 42023 | Depths:5 | Killed Saint Roka
 42023 | Depths:5 | Reached XP level 26. HP: 152/152 MP: 8/54
 42272 | Depths:5 | Received a gift from Sif Muna
 42324 | Depths:5 | Found a gate to the Realm of Zot.
 42743 | Depths:5 | Noticed a juggernaut
 42746 | Depths:5 | Killed a juggernaut
 42928 | Hell     | Entered the Vestibule of Hell
 42928 | Hell     | Noticed Geryon
 43032 | Hell     | Killed Geryon
 43032 | Hell     | Reached skill level 15 in Dodging
 43295 | Hell     | Reached skill level 15 in Evocations
 43349 | Hell     | Found a gateway to the ashen valley of Gehenna.
 43363 | Hell     | Learned a level 8 spell: Infestation
 43410 | Geh:1    | Entered Level 1 of Gehenna
 43551 | Geh:1    | Reached skill level 10 in Transmutations
 43659 | Geh:2    | You are sucked into a shaft!
 44029 | Geh:5    | Reached XP level 27. HP: 162/162 MP: 1/54
 44055 | Geh:5    | Identified Sif Muna's Guide on Black Arts (Sif Muna gifted it to you on level 5 of Gehenna)
 44055 | Geh:5    | Received a gift from Sif Muna
 44438 | Geh:7    | Entered Level 7 of Gehenna
 44939 | Geh:7    | Noticed Asmodeus
 44963 | Geh:7    | Killed Asmodeus
 44963 | Geh:7    | Reached skill level 15 in Fighting
 44982 | Geh:7    | Got an obsidian rune of Zot
 45139 | Hell     | Found a gateway to the Iron City of Dis.
 45153 | Dis:1    | Entered Level 1 of the Iron City of Dis
 45224 | Dis:4    | Reached skill level 15 in Invocations
 45458 | Dis:7    | Entered Level 7 of the Iron City of Dis
 45495 | Dis:7    | Identified Sif Muna's Compendium of Combat Magic (Sif Muna gifted it to you on level 7 of the Iron City of Dis)
 45495 | Dis:7    | Received a gift from Sif Muna
 45572 | Dis:7    | Gained mutation: You tend to lose your temper in combat. [mutagenic glow]
 45896 | Dis:7    | Noticed Dispater
 46001 | Dis:7    | Killed Dispater
 46027 | Dis:7    | Got a vibrating golden ring
 46029 | Dis:7    | Identified the ring of Serendipity {Fire +Fly rPois rN+} (You took it off Dispater on level 7 of the Iron City of Dis)
 46084 | Dis:7    | Got an iron rune of Zot
 46183 | Hell     | Found a gateway to the decaying netherworld of Tartarus.
 46197 | Tar:1    | Entered Level 1 of Tartarus
 46670 | Tar:7    | Entered Level 7 of Tartarus
 47279 | Tar:7    | Identified the Papyrus of the Compass and the Frostbite
 47284 | Tar:7    | Learned a level 2 spell: Blink
 47294 | Tar:7    | Got a twisted leather armour
 47296 | Tar:7    | Identified the +2 leather armour of Sunlight {rCorr} (You found it on level 7 of Tartarus)
 47300 | Tar:7    | Identified Gaun's Handbook of Cloudy Moulding
 47301 | Tar:7    | Identified the Collected Works on Shape Shifting and Hexes
 47741 | Tar:7    | Noticed Ereshkigal
 47746 | Tar:7    | Killed Ereshkigal
 47783 | Tar:7    | Got a bone rune of Zot
 47953 | Hell     | Found a gateway to the freezing wastes of Cocytus.
 47958 | Hell     | Identified Ficonisch's Grimoire of the Volcanoes and Orientation (Sif Muna gifted it to you in the Vestibule of Hell)
 47958 | Hell     | Received a gift from Sif Muna
 47986 | Coc:1    | Entered Level 1 of Cocytus
 48255 | Coc:7    | Entered Level 7 of Cocytus
 48261 | Coc:7    | Reached skill level 5 in Stealth
 48898 | Coc:7    | Reached skill level 10 in Stealth
 48966 | Coc:7    | Received a gift from Sif Muna
 49199 | Coc:7    | Noticed Antaeus
 49213 | Coc:7    | Killed Antaeus
 49228 | Coc:7    | Got an icy rune of Zot
 49314 | Coc:7    | Identified Sif Muna's Compendium of Earthen Malediction
 49328 | Coc:7    | Got a translucent platinum ring
 49330 | Coc:7    | Identified the ring "Podan" {EV+2 Str+5} (You found it on level 7 of Cocytus)
 49495 | Zot:1    | Entered Level 1 of the Realm of Zot
 49913 | Zot:3    | Reached skill level 15 in Stealth
 50447 | Zot:5    | Entered Level 5 of the Realm of Zot
 50505 | Zot:4    | Received a gift from Sif Muna
 51103 | Zot:5    | Noticed an orb of fire
 51107 | Zot:5    | Killed an orb of fire
 51283 | Zot:5    | Noticed an ancient lich
 51288 | Zot:5    | Identified Sif Muna's Reference Book on Enchantment (Sif Muna gifted it to you on level 5 of the Realm of Zot)
 51288 | Zot:5    | Received a gift from Sif Muna
 51293 | Zot:5    | Killed an ancient lich
 51296 | Zot:5    | Noticed an orb of fire
 51323 | Zot:5    | Killed an orb of fire
 51349 | Zot:5    | Noticed an orb of fire
 51378 | Zot:5    | Noticed an ancient lich
 51380 | Zot:5    | Killed an ancient lich
 51419 | Zot:5    | Killed an orb of fire
 51843 | Pan      | Entered Pandemonium
 52040 | Pan      | Found an exit through the horrors of the Abyss.
 52123 | Pan      | Noticed Oczus the pandemonium lord
 52130 | Pan      | Killed Oczus the pandemonium lord
 52543 | Pan      | Noticed Ilusy the pandemonium lord
 52547 | Pan      | Killed Ilusy the pandemonium lord
 52709 | Pan      | Got a demonic rune of Zot
 52718 | Pan      | Found an exit through the horrors of the Abyss.
 52771 | Pan      | Noticed Lucwaed the pandemonium lord
 52797 | Pan      | Killed Lucwaed the pandemonium lord
 52797 | Pan      | Identified Sif Muna's Disquisition on the Scorching Snowflakes (Sif Muna gifted it to you in Pandemonium)
 52797 | Pan      | Received a gift from Sif Muna
 52916 | Pan      | Found an exit through the horrors of the Abyss.
 52973 | Pan      | Identified the +2 leather armour of New Discoveries {Regen+ MP-9 Str-4 SInv} (You found it in Pandemonium)
 53044 | Pan      | Noticed Hafaw the pandemonium lord
 53046 | Pan      | Killed Hafaw the pandemonium lord
 53265 | Pan      | Identified Sif Muna's Collected Works on Dislocation and Envenoming (Sif Muna gifted it to you in Pandemonium)
 53265 | Pan      | Received a gift from Sif Muna
 53273 | Pan      | Noticed Mueg Lec the pandemonium lord
 53278 | Pan      | Killed Mueg Lec the pandemonium lord
 53520 | Pan      | Noticed Saeme the pandemonium lord
 53641 | Pan      | Noticed Jeumu Hoss the pandemonium lord
 53644 | Pan      | Killed Jeumu Hoss the pandemonium lord
 53678 | Pan      | Found an exit through the horrors of the Abyss.
 53805 | Pan      | Identified Nuun's Incunabulum of Enthralling Venom (Sif Muna gifted it to you in Pandemonium)
 53805 | Pan      | Received a gift from Sif Muna
 53808 | Pan      | Found an exit through the horrors of the Abyss.
 53855 | Pan      | Found a huge runed gate.
 53994 | Pan      | Found a transporter.
 54028 | Pan      | Found a transporter.
 54123 | Pan      | Found an exit through the horrors of the Abyss.
 54268 | Pan      | Reached skill level 15 in Translocations
 54309 | Pan      | Found an exit through the horrors of the Abyss.
 54402 | Pan      | Noticed Satu the pandemonium lord
 54432 | Pan      | Killed Satu the pandemonium lord
 54687 | Pan      | Noticed Pygasuug the pandemonium lord
 54690 | Pan      | Reached skill level 15 in Necromancy
 54693 | Pan      | Killed Pygasuug the pandemonium lord
 54797 | Pan      | Noticed Mennas
 54798 | Pan      | Noticed Yzypox the pandemonium lord
 55071 | Pan      | Identified Sif Muna's Papyrus of Confrontation (Sif Muna gifted it to you in Pandemonium)
 55071 | Pan      | Received a gift from Sif Muna
 55273 | Pan      | Entered the realm of Lom Lobon.
 55558 | Pan      | Noticed Lom Lobon
 55570 | Pan      | Killed Lom Lobon
 55600 | Pan      | Got a magical rune of Zot
 55651 | Pan      | Entered the realm of Mnoleg.
 55653 | Pan      | Found an exit through the horrors of the Abyss.
 55819 | Pan      | Identified Huplilua's Disquisition on Darkness and Combat Magic (Sif Muna gifted it to you in Pandemonium)
 55819 | Pan      | Received a gift from Sif Muna
 55956 | Pan      | Noticed Mnoleg
 55970 | Pan      | Killed Mnoleg
 56115 | Pan      | Got a glowing rune of Zot
 56258 | Pan      | Found an exit through the horrors of the Abyss.
 56455 | Pan      | Noticed Xuhizul the pandemonium lord
 56476 | Pan      | Identified the Incunabulum of Lucky Lightness
 56641 | Pan      | Entered the realm of Cerebov.
 56765 | Pan      | Noticed Mennas
 56773 | Pan      | Killed Mennas
 56773 | Pan      | Reached skill level 27 in Conjurations
 56810 | Pan      | Identified Ycre's Tome of Lucky Fire (Sif Muna gifted it to you in Pandemonium)
 56810 | Pan      | Received a gift from Sif Muna
 56857 | Pan      | Noticed Cerebov
 56876 | Pan      | Killed Cerebov
 56939 | Pan      | Identified the ring of the Trout {Wiz +Inv Int+2 Dex+4} (You took it off a crimson imp in Pandemonium)
 56957 | Pan      | Got a fiery rune of Zot
 56995 | Pan      | Learned a level 2 spell: Passwall
 57001 | Pan      | Got a twitching iron ring
 57003 | Pan      | Identified the ring "Sanui" {+Inv rF- rN++ Dex+3 SInv} (You found it in Pandemonium)
 57015 | Pan      | Identified Sif Muna's Almanac of Transformation
 57058 | Pan      | Got a twitching graven amulet
 57255 | Pan      | Found a glowing silver altar of Zin.
 57393 | Pan      | Identified the +7 falchion of the Dead {freeze, Dex+4 SInv} (You took it off a cherub in Pandemonium)
 57394 | Pan      | Identified the amulet of the Devil {rF+ Regen+} (You took it off a balrug in Pandemonium)
 57426 | Pan      | Noticed a seraph
 57434 | Pan      | Killed a seraph
 57472 | Pan      | Got a smoking copper ring
 57477 | Pan      | Identified the ring of Ejitzycviu {rCorr Int+2} (You took it off a seraph in Pandemonium)
 57486 | Pan      | Found a glowing golden altar of the Shining One.
 57500 | Pan      | Identified the +4 battleaxe of Kalurch {antimagic, *Drain +Rage rN+ MR+} (You took it off a cherub in Pandemonium)
 57509 | Pan      | Identified Acleol Biucw's Disquisition on Damaging Contamination
 57513 | Pan      | Identified the ring of Ihuosaor {SInv Stlth+} (You found it in Pandemonium)
 57518 | Pan      | Identified the +9 rapier "Raungoing" {drain, *Slow rF+ MR+++ Dex+3} (You found it in Pandemonium)
 57519 | Pan      | Identified the Handbook of Torrid Augmentations
 57526 | Pan      | Identified the +2 pair of boots of Fedhas's Approval {rN+ Str+4 Stlth+} (You found it in Pandemonium)
 57528 | Pan      | Identified the +3 demon blade "Owkyf" {freeze, *Contam rPois rN+} (You found it in Pandemonium)
 57587 | Pan      | Identified Sif Muna's Tome of Shape Shifting and Summoning (Sif Muna gifted it to you in Pandemonium)
 57587 | Pan      | Received a gift from Sif Muna
 57876 | Pan      | Found an exit through the horrors of the Abyss.
 58045 | Pan      | Noticed Hyvask the pandemonium lord
 58061 | Pan      | Killed Hyvask the pandemonium lord
 58106 | Pan      | Found an exit through the horrors of the Abyss.
 58154 | Pan      | Entered the realm of Gloorx Vloq.
 58288 | Pan      | Noticed Gloorx Vloq
 58294 | Pan      | Killed Gloorx Vloq
 58316 | Pan      | Got a dark rune of Zot
 58359 | Pan      | Found an exit through the horrors of the Abyss.
 58365 | Pan      | Took an exit into the Abyss.
 58365 | Abyss:1  | Escaped into the Abyss
 58424 | Abyss:2  | Found a corrupted altar of Lugonu.
 58459 | Abyss:2  | Found a sparkling altar of Nemelex Xobeh.
 58615 | Abyss:2  | Found a corrupted altar of Lugonu.
 58942 | Abyss:2  | Found a deep blue altar of Sif Muna.
 59122 | Abyss:4  | Found a corrupted altar of Lugonu.
 59529 | Abyss:4  | Got an abyssal rune of Zot
 59595 | Depths:5 | Escaped the Abyss
 59998 | Crypt:1  | Entered Level 1 of the Crypt
 60114 | Crypt:2  | Noticed Margery
 60118 | Crypt:2  | Killed Margery
 60118 | Crypt:2  | Identified Sif Muna's Incunabulum of the Glacial Volcanoes (Sif Muna gifted it to you on level 2 of the Crypt)
 60118 | Crypt:2  | Received a gift from Sif Muna
 60127 | Crypt:3  | Entered Level 3 of the Crypt
 60201 | Crypt:3  | Found a staircase to the Tomb.
 60236 | Tomb:1   | Entered Level 1 of the Tomb of the Ancients
 60275 | Tomb:1   | Noticed Jorgrun
 60281 | Tomb:1   | Killed Jorgrun
 60416 | Tomb:1   | Noticed a greater mummy
 60418 | Tomb:1   | Killed a greater mummy
 60497 | Tomb:1   | Identified the +4 rapier of the Orange Skies {vamp, MR+ Int+4} (You took it off a skeletal warrior on level 1 of the Tomb of the Ancients)
 60630 | Tomb:2   | Noticed a greater mummy
 60640 | Tomb:2   | Killed a greater mummy
 60663 | Tomb:2   | Noticed a greater mummy
 60668 | Tomb:2   | Killed a greater mummy
 60677 | Tomb:2   | Noticed an ancient lich
 60679 | Tomb:2   | Killed an ancient lich
 60684 | Tomb:2   | Noticed a greater mummy
 60687 | Tomb:2   | Killed a greater mummy
 60773 | Tomb:1   | Noticed a greater mummy
 60775 | Tomb:1   | Noticed a greater mummy
 60778 | Tomb:1   | Killed a greater mummy
 60780 | Tomb:1   | Killed a greater mummy
 60780 | Tomb:1   | Identified Esu Otho's Incunabulum of the Entourage and the Arsonist (Sif Muna gifted it to you on level 1 of the Tomb of the Ancients)
 60780 | Tomb:1   | Received a gift from Sif Muna
 60798 | Tomb:1   | Noticed a greater mummy
 60805 | Tomb:1   | Killed a greater mummy
 60858 | Tomb:1   | Noticed a greater mummy
 60863 | Tomb:1   | Killed a greater mummy
 60866 | Tomb:1   | Noticed a greater mummy
 60873 | Tomb:1   | Killed a greater mummy
 60897 | Tomb:1   | Noticed a greater mummy
 60902 | Tomb:1   | Killed a greater mummy
 60908 | Tomb:1   | Noticed a greater mummy
 60910 | Tomb:1   | Noticed a greater mummy
 60918 | Tomb:1   | Killed a greater mummy
 60918 | Tomb:1   | Reached skill level 27 in Spellcasting
 60923 | Tomb:1   | Killed a greater mummy
 60964 | Tomb:1   | Noticed a greater mummy
 60969 | Tomb:1   | Killed a greater mummy
 60989 | Tomb:1   | Noticed a greater mummy
 60992 | Tomb:1   | Noticed a greater mummy
 60995 | Tomb:1   | Killed a greater mummy
 61004 | Tomb:1   | Killed a greater mummy
 61034 | Tomb:1   | Noticed a greater mummy
 61038 | Tomb:1   | Noticed a greater mummy
 61039 | Tomb:1   | Killed a greater mummy
 61044 | Tomb:1   | Noticed a greater mummy
 61046 | Tomb:1   | Killed a greater mummy
 61047 | Tomb:1   | Noticed a greater mummy
 61051 | Tomb:1   | Killed a greater mummy
 61056 | Tomb:1   | Killed a greater mummy
 61057 | Tomb:1   | Noticed a greater mummy
 61069 | Tomb:1   | Killed a greater mummy
 61086 | Tomb:1   | Noticed a greater mummy
 61093 | Tomb:1   | Killed a greater mummy
 61110 | Tomb:1   | Noticed a greater mummy
 61114 | Tomb:1   | Noticed a greater mummy
 61116 | Tomb:1   | Killed a greater mummy
 61120 | Tomb:1   | Killed a greater mummy
 61139 | Tomb:1   | Noticed a greater mummy
 61142 | Tomb:1   | Killed a greater mummy
 61283 | Tomb:3   | Entered Level 3 of the Tomb of the Ancients
 61330 | Tomb:3   | Noticed a greater mummy
 61337 | Tomb:3   | Killed a greater mummy
 61383 | Tomb:3   | Noticed a greater mummy
 61389 | Tomb:3   | Noticed a greater mummy
 61389 | Tomb:3   | Killed a greater mummy
 61396 | Tomb:3   | Killed a greater mummy
 61406 | Tomb:3   | Noticed a greater mummy
 61411 | Tomb:3   | Killed a greater mummy
 61428 | Tomb:3   | Noticed a greater mummy
 61431 | Tomb:3   | Noticed a greater mummy
 61431 | Tomb:3   | Killed a greater mummy
 61433 | Tomb:3   | Noticed a greater mummy
 61433 | Tomb:3   | Killed a greater mummy
 61435 | Tomb:3   | Killed a greater mummy
 61436 | Tomb:3   | Noticed a greater mummy
 61440 | Tomb:3   | Killed a greater mummy
 61463 | Tomb:3   | Got a golden rune of Zot
 62262 | Zot:5    | Noticed an ancient lich
 62266 | Zot:5    | Killed an ancient lich
 62377 | Zot:5    | Got the Orb of Zot
 62482 | Zot:2    | Noticed Vioc Wea the pandemonium lord
 62483 | Zot:2    | Killed Vioc Wea the pandemonium lord
 62506 | Zot:2    | Noticed an orb of fire
 62511 | Zot:2    | Killed an orb of fire
 62533 | Zot:2    | Noticed Joirph the pandemonium lord
 62539 | Zot:2    | Killed Joirph the pandemonium lord
 62801 | D:11     | Noticed Linuatz the pandemonium lord
 62994 | D:$      | Escaped with the Orb!

Vault maps used:
D:1:      matt_arrival_los_fun
D:2:      minmay_misc_feat_roman, minmay_quantized
D:3:      first_bread, uniq_ijyb
D:4:      okawaru_trees_2, uniq_blork_the_orc
D:5:      kennysheep_steamy, abandoned_shop, uniq_prince_ribbit1, uniq_grinder,
          uniq_pikel
D:6:      minmay_temple_entry_statues_pillars, serial_shops, shop
D:7:      minmay_blocky_corners, nicolae_xom_altar_mimics, grunt_ogre_cave,
          cheibrodos_ashenzari_chains, uniq_joseph
D:8:      serial_shops, kennysheep_mini_moat, kennysheep_cluttered_room,
          cheibriados_altar_1
D:9:      st_stairs_3, library_closet
D:10:     david_orc_1_choice
D:11:     dpeg_oklobed_lair, serial_curves, eino_curves_03, eino_curves_02,
          jmf_multi_god_temple
D:12:     minmay_strange_pillars, uniq_gastronok
D:13:     david_vaults_4, hangedman_corner_corridor, uniq_snorg
D:14:     cheibrodos_magma_flow, kennysheep_minor_cross, st_stairs_7,
          nicolae_ru_the_path_less_chosen
D:15:     gammafunk_enter_depths_forms, minivault_11, uniq_agnes
Temple:   dpeg_three_leaves_temple
Lair:1:   portal_ice_cave_entry_pillars_1, minmay_hedge_maze, grunt_megastairs_4
Lair:2:   spider_nest_entry_funnel_web, zaba_antful_of_joy
Lair:3:   swamp_mist_pool, lemuel_fruit_fields
Lair:4:   enter_volcano_1, grunt_megastairs_1, uniq_rupert
Lair:6:   minmay_lair_end_enchanted_forest, minmay_slime_entry_pillars,
          kennysheep_rathole
Swamp:1:  serial_swamp_ruin, evilmike_swamp_ruin_house_1,
          evilmike_swamp_ruin_house_2, swamp_pool5, infiniplex_staircase_pool_2,
          uniq_frances
Swamp:2:  gammafunk_its_a_trap, evilmike_swamp_ruin_house_4, uniq_roxanne,
          uniq_nikola
Swamp:3:  evilmike_swamp_ruin_house_5, swamp_pool5,
          nicolae_swamp_alligator_family
Swamp:4:  swamp, swamp_pool2, uniq_bai_suzhen
Spider:1: nicolae_spider_circle_web
Spider:2: nicolae_spider_hall_of_the_moth_king
Spider:3: uniq_arachne, uniq_mara
Spider:4: grunt_spider_rune_parallel, spider_trap
Slime:3:  nicolae_slime_phagocytosis
Orc:2:    pf_orc_diabolical, lemuel_statue_altar, uniq_donald
Elf:1:    mu_enter_wizlab_7, serial_shops, shop, shop, minivault_28
Elf:3:    minmay_elf_hall_not_hex
Vaults:1: vaults_standard_mumra_enter_the_diamond, dpeg_vaults_monster_row,
          nicolae_vaults_circle_grid_b, v_rooms_3, v_misc_8,
          ontoclasm_vaults_ring_small, hangedman_vaults_unwind, st_octagons_2,
          hangedman_vaults_restitches, nicolae_vaults_network_square,
          vaults_room_pools, vaults_room_pools, vaults_dpeg_encased_lava
Vaults:2: vaults_room_stairs_pillars, nicolae_vaults_theta, v_misc_13,
          vaults_dpeg_hooks, nicolae_vaults_fighting_squares, vaults_room_fours,
          nicolae_vaults_little_squares_1,
          vaults_standard_mumra_enter_the_diamond, v_misc_32, v_alt_pattern_2,
          v_misc_10, vaults_room_grunt_arrival_ludios
Vaults:3: v_rooms_6, minmay_crypt_entry_simple_statues, dpeg_vaults_waves,
          v_misc_29, v_pattern_4, vaults_room_hallway, v_misc_5, v_rooms_4,
          vaults_room_grunt_arrival_checkpoint, ontoclasm_vaults_loading_screen
Vaults:4: v_pattern_3, nicolae_vaults_little_squares_6, vaults_room_large_hall,
          ontoclasm_vaults_twist, ontoclasm_vaults_loading_screen,
          hangedman_vaults_slice, uniq_boris
Crypt:2:  grunt_deathspiral_small, uniq_margery
Crypt:3:  lightli_unholy_cathedral, tomb_entry_shell_bobbens
Tomb:1:   uniq_jorgrun
Depths:1: roderic_bipointed_swastika, lightli_too_deep, tso_altar,
          uniq_enchantress
Depths:2: minmay_octo_star, grunt_hell_entry_dis_old, serial_shops, shop_statue,
          serial_bayou_pond_e, hex_intersection, lemuel_another_geyser
Depths:3: evilmike_wizard_prison, hell_entry, kennysheep_cross_bottleneck,
          grunt_pan_entry_spiral, uniq_jory
Depths:4: minmay_the_grid_ultimate, abyss_entry, hell_entry, uniq_boris
Depths:5: grunt_crosshair, grunt_pan_entry_zigzag, pf_hell_entry_tar_spiral,
          grunt_decor_arrowhead, eino_small_chamber_without_monster,
          uniq_saint_roka
Dis:3:    hangedman_mysterious_dungeon_monster_house, grunt_megastairs_2
Dis:4:    lemuel_dis_dragons
Dis:7:    dis_st
Geh:7:    geh_grunt
Coc:7:    coc_hangedman
Tar:1:    nicolae_tar_cuneiform_oil, nicolae_tar_cuneiform_city
Tar:7:    tar_mu
Zot:1:    kennysheep_oblong_rooms, guppyfry_library_mini
Abyss:3:  due_exit_kobolds, minivault_25_ag, evilmike_abyss_rune_siren_acolytes,
          guppyfry_abyss_exit_glass_guarded
Abyss:4:  evilmike_abyss_exit_glass
Pan:      evilmike_mini_pan_other_thingy, rand_demon_3, rand_demon_5,
          evilmike_mini_pan_3x3, evilmike_mini_pan_T, grunt_pan_spiral,
          pan_blood_fountain_small, evilmike_mini_pan_layers,
          evilmike_mini_pan_corner, pan_blood_fountain_2,
          nicolae_pan_door_chamber, pan_blood_fountain_2, grunt_pan_zigzag,
          nicolae_pan_giant_door, nicolae_pan_glass_arcs, uniq_mennas_pan,
          pan_surprise, gammafunk_dig_for_victory, nicolae_pan_double_arrow,
          rand_demon_3, evilmike_mini_pan_diamond, pan_blood_fountain,
          uniq_mennas_pan, nicolae_pan_gloorx_vloqian_4, nicolae_pan_hourglass,
          evilmike_mini_pan_V, pan_blood_fountain_small, rand_demon_6,
          nicolae_pan_glass_arcs, uniq_mennas_pan, pan_blood_fountain_small,
          nicolae_pan_mnolegish_5, nicolae_pan_sigil_nadil, evilmike_mini_pan_T,
          lom_lobon_spiral_st, evilmike_mnoleg_eyes, evilmike_mini_pan_branches,
          grunt_pan_frozen_over, cerebov_grunt, pan_blood_fountain_small,
          uniq_mennas_pan, evilmike_holy_pan, evilmike_mini_pan_corner,
          evilmike_mini_pan_doors, evilmike_mini_pan_3x3,
          reaverb_pan_chaos_star, pan_disco_hall, evilmike_mini_pan_doors,
          rand_demon_4, rand_demon_6, pan_blood_fountain_small, rand_demon_1,
          pan_blood_fountain, nicolae_pan_lom_lobonic_2, grunt_pan_zigzag,
          nicolae_pan_cerebovesque_2, evilmike_gloorx_vloq_box
IceCv:    ice_cave_caverns_02
WizLab:   wizlab_demon

Skill      XL: |  1  2  3  4  5  6  7  8  9 10 11 12 13 14 15 16 17 18 19 20 21 22 23 24 25 26 27 |
---------------+----------------------------------------------------------------------------------+-----
Conjurations   | 5 6 8 10 12 13 16 18 19 20 27 | 27.0
Translocations | 2 3 4 5 8 11 13 15 | 15.0
Spellcasting   | 4 5 6 8 9 11 13 14 16 17 18 19 21 22 23 24 25 27 | 27.0
Dodging        | 3 5 6 8 9 10 11 12 13 14 16 20 | 20.0
Invocations    | 2 5 7 8 10 11 12 13 23 | 23.5
Fighting       | 2 4 6 7 8 9 10 12 13 21 | 21.0
Fire Magic     | 2 7 9 11 12 15 17 18 19 20 | 20.9
Shields        | 1 3 4 |  4.0
Ice Magic      | 6 9 12 16 17 21 | 21.2
Charms         | 7 |  7.0
Air Magic      | 4 |  4.4
Necromancy     | 1 11 13 14 15 | 15.1
Evocations     | 4 12 14 15 21 | 21.0
Transmutations | 8 10 13 | 13.0
Stealth        | 17 | 17.2

Action                   |  1- 3 |  4- 6 |  7- 9 | 10-12 | 13-15 | 16-18 | 19-21 | 22-24 | 25-27 || total
-------------------------+-------+-------+-------+-------+-------+-------+-------+-------+-------++-------
Melee: Dagger            |     1 |    13 |     6 |    27 |       |       |       |       |       ||    47
       Staff             |       |       |       |       |       |       |       |     2 |     5 ||     7
 Cast: Magic Dart        |    70 |   112 |    71 |    40 |    25 |    47 |     9 |     5 |     3 ||   382
       Searing Ray       |       |    11 |    34 |    55 |    28 |     1 |       |       |       ||   129
       Iskenderun's Myst |       |     2 |    26 |   125 |   226 |   260 |    25 |    25 |    22 ||   711
       Force Lance       |       |       |    17 |    37 |    77 |   107 |    58 |    97 |   404 ||   797
       Fulminant Prism   |       |       |    14 |    41 |    38 |       |       |       |       ||    93
       Bolt of Fire      |       |       |       |     4 |    56 |   304 |   267 |    92 |       ||   723
       Sticky Flame      |       |       |       |       |    32 |     3 |       |       |       ||    35
       Fireball          |       |       |       |       |    85 |    34 |    28 |       |       ||   147
       Regeneration      |       |       |       |       |     8 |    36 |    13 |    12 |    30 ||    99
       Freezing Cloud    |       |       |       |       |       |    14 |     7 |       |       ||    21
       Deflect Missiles  |       |       |       |       |       |     1 |     4 |     1 |     6 ||    12
       Aura of Abjuratio |       |       |       |       |       |     1 |       |       |    31 ||    32
       Fire Storm        |       |       |       |       |       |       |    63 |   143 |   728 ||   934
       Orb of Destructio |       |       |       |       |       |       |    31 |    60 |   163 ||   254
       Controlled Blink  |       |       |       |       |       |       |     4 |       |    77 ||    81
       Glaciate          |       |       |       |       |       |       |       |    74 |   673 ||   747
       Necromutation     |       |       |       |       |       |       |       |       |   253 ||   253
       Swiftness         |       |       |       |       |       |       |       |       |     3 ||     3
       Infestation       |       |       |       |       |       |       |       |       |   110 ||   110
       Blink             |       |       |       |       |       |       |       |       |    17 ||    17
Invok: Divine Energy     |       |       |     1 |       |     2 |     5 |     5 |     5 |     7 ||    25
       Stop Divine Energ |       |       |     1 |       |     2 |     5 |     5 |     5 |     7 ||    25
       Channel Magic     |       |       |       |       |     3 |    19 |    15 |     5 |   101 ||   143
 Abil: End Transformatio |       |       |       |       |       |       |       |       |    21 ||    21
       Evoke Invisibilit |       |       |       |       |       |       |       |       |     1 ||     1
Evoke: Wand              |       |       |       |       |       |     9 |       |    10 |    87 ||   106
       Staff of energy   |       |       |       |       |       |       |       |    81 |  4259 ||  4340
  Use: Scroll            |     3 |     3 |       |    13 |     5 |    18 |     6 |    16 |    76 ||   140
       Potion            |       |       |     3 |     5 |     2 |     7 |     2 |     1 |    15 ||    35
 Stab: Sleeping          |     1 |       |       |       |       |       |       |       |       ||     1
  Eat: Chunk             |       |     7 |     8 |    12 |    21 |    24 |    40 |    32 |    19 ||   163
       Bread ration      |       |       |     1 |     1 |     1 |     1 |       |     4 |       ||     8
       Meat ration       |       |       |       |       |       |       |       |       |     5 ||     5
Armor: Robe              |     3 |     3 |     3 |    11 |    12 |    48 |    13 |    14 |   242 ||   349
Dodge: Dodged            |    10 |    22 |    40 |    89 |   132 |   230 |    82 |    86 |  1100 ||  1791
       Deflected         |       |       |       |       |       |     1 |    35 |    26 |    62 ||   124
Block: Buckler           |       |       |       |       |       |    74 |    20 |    28 |   364 ||   486
